 Dungeon Sprint DCSS version 0.20-a0-809-gaf7f668 (webtiles) character file.

172 esc the Jinx (level 5, -6/25 HPs)
             Began as a Felid Enchanter on Mar 3, 2017.
             Mangled by a slime creature (19 damage)
             ... in the Dungeon (Sprint V: "Ziggurat Sprint").
             The game lasted 00:01:04 (120 turns).

esc the Jinx (Felid Enchanter)                       Turns: 120, Time: 00:01:05

Health: -6/25      AC:  2    Str:  4    XL:     5   Next: 27%
Magic:  15/15      EV: 22    Int: 18    God:
Gold:   0          SH:  0    Dex: 17    Spells: 14/17 levels left
                                        Lives:  0   Deaths: 1

rFire    . . .     SeeInvis +     - Unarmed
rCold    . . .     Gourm    .   (armour unavailable)
rNeg     . . .     Faith    .   (shield unavailable)
rPois    .         Spirit   .   (helmet unavailable)
rElec    .         Reflect  .   (cloak unavailable)
rCorr    .         Harm     .   (gloves unavailable)
MR       .....     NoTele   +   (boots unavailable)
Stlth    ++........             (no amulet)
Regen    0.1/turn               (no ring)
MPRegen  0.2/turn               (no ring)

@: confused, quick
A: no armour, no weapons or thrown items, stealth, claws 1, fangs 3, see
invisible, carnivore 3, speed 1, shaggy fur 2, slow metabolism 1, sharp paws
a: no special abilities


You were in the Dungeon.
You were not hungry.

You visited 1 branch

Inventory:

Jewellery
 l - a +4 ring of strength
   (You found it in the Dungeon)
 A - a +6 ring of dexterity
   (You found it in the Dungeon)
 B - a +6 ring of dexterity
   (You found it in the Dungeon)
 C - a +6 ring of intelligence
   (You found it in the Dungeon)
 D - a +6 ring of intelligence
   (You found it in the Dungeon)
 E - a +6 ring of strength
   (You found it in the Dungeon)
 F - a +6 ring of strength
   (You found it in the Dungeon)
Wands
 v - a wand of disintegration (7/24)
   (You found it in the Dungeon)
 w - a wand of iceblast (3/15)
   (You found it in the Dungeon)
 x - a wand of lightning (5/15)
   (You found it in the Dungeon)
 y - a wand of acid (5/15)
   (You found it in the Dungeon)
Scrolls
 h - 4 scrolls of blinking {!r}
 o - 4 scrolls of amnesia
 p - 3 scrolls of recharging
 q - 7 scrolls of fog
 r - a scroll of holy word {!r}
 s - 5 scrolls of identify
 t - 5 scrolls of remove curse
 u - 2 scrolls of fear
Potions
 c - 10 potions of curing
 d - 10 potions of heal wounds
 e - 6 potions of haste
 f - 7 potions of magic
 g - 3 potions of berserk rage {!q}
 i - 2 potions of brilliance
 j - 2 potions of invisibility
 k - 4 potions of resistance
 m - 5 potions of agility
 n - 5 potions of might
Books
 a - a book of Maledictions
Miscellaneous
 z - a crystal ball of energy
   (You found it in the Dungeon)
 G - a lightning rod (4/4)
   (You found it in the Dungeon)
Comestibles
 b - 5 meat rations {@e2}


   Skills:
 + Level 4.5 Fighting
 + Level 6.8 Dodging
 + Level 7.9 Stealth
 + Level 4.7 Unarmed Combat
 + Level 6.8 Spellcasting
 + Level 10.8 Hexes


You had 14 spell levels left.
You knew the following spells:

 Your Spells              Type           Power        Failure   Level  Hunger
a - Ensorcelled Hibernat  Hex/Ice        ####..       1%          2    None
v - Corona                Hex            #####..      1%          1    None


Dungeon Overview and Level Annotations

Branches:
Dungeon (1/1)

Altars:
Ashenzari
Cheibriados
Dithmenos
Elyvilon
Fedhas
Gozag
Hepliaklqana
Kikubaaqudgha
Makhleb
Nemelex Xobeh
Okawaru
Qazlal
Ru
Sif Muna
Trog
Uskayaw
Vehumet
Wu Jian
Xom
Yredelemnul
Zin
The Shining One
Beogh
Jiyva
Lugonu

Annotations:
D exclusion: jelly


Innate Abilities, Weirdness & Mutations

You cannot wear armour.
You are incapable of wielding weapons or throwing items.
Your paws allow you to move quietly. (Stealth)
You have sharp claws.
You have razor-sharp teeth.
You have supernaturally acute eyesight. (SInv)
You are carnivorous and can eat meat at any time.
You cover ground quickly.
You are covered in thick fur. (AC +2)
You have a slow metabolism.
Your sharp claws are effective at attacking unaware monsters.


Message History

Health restored: 28 Unknown command.
l - a +4 ring of strength Your surroundings seem different!
Welcome to arena 2. 3 mummies come into view.
Unknown command.
You claw the mummy! The mummy closely misses you.
You scratch the mummy. You scratch the mummy. The mummy closely misses you.
You scratch the mummy. You scratch the mummy. The mummy misses you.
You scratch the mummy.
You destroy the mummy!
Health restored: 29 You scratch the mummy.
Your bite misses the mummy. The mummy misses you.
You closely miss the mummy. You scratch the mummy but do no damage.
You bite the mummy, but do no damage. The mummy hits you!
The mummy completely misses you.
You take 12 damage, and have 17/29 hp.
MASSIVE DAMAGE!!
You closely miss the mummy. You bite the mummy, but do no damage.
You scratch the mummy. The mummy completely misses you. x2
You barely miss the mummy. The mummy closely misses you.
You scratch the mummy but do no damage. The mummy closely misses you.
You scratch the mummy. The mummy barely misses you.
You scratch the mummy. The mummy hits you.
You take 2 damage, and have 16/29 hp.
You barely miss the mummy. The mummy barely misses you.
You scratch the mummy. The mummy hits you!
* * * LOW HITPOINT WARNING * * *
You take 8 damage, and have 8/29 hp.
MASSIVE DAMAGE!!
You are too injured to fight recklessly!
You are too injured to fight recklessly!
You are too injured to fight recklessly!
You are too injured to fight recklessly!
You scratch the mummy but do no damage. The mummy completely misses you.
You scratch the mummy. The mummy misses you. The mummy barely misses you.
You scratch the mummy. The mummy closely misses you.
You claw the mummy! The mummy hits you but does no damage.
You scratch the mummy. The mummy completely misses you.
You claw the mummy!
You destroy the mummy!
The mummy misses you. The mummy hits you!!
Ouch! That really hurt!
You die...
You are now level 5!
You rejoin the land of the living...
Health restored: 25; MP restored: 15 Unknown command.
Your surroundings seem different!
Welcome to arena 2.
You scratch the mummy but do no damage. You bite the mummy, but do no damage.
The mummy completely misses you.
You barely miss the mummy. You scratch the mummy but do no damage.
You bite the mummy. The mummy barely misses you.
You scratch the mummy. The mummy closely misses you.
You barely miss the mummy. You scratch the mummy.
The mummy completely misses you.
You barely miss the mummy. You scratch the mummy.
You destroy the mummy!
You see here the felid corpse of esc.
You see here an uncursed staff of cold {rC+}.
Your surroundings seem different!
Welcome to arena 3.
An ooze, a jelly, a slime creature and a golden eye come into view.
The slime creature quivers.
You scratch the slime creature.
The slime creature completely misses you.
You scratch the slime creature.
The golden eye turns its gaze towards you.
The slime creature closely misses you.
The golden eye blinks!
You barely miss the slime creature.
The slime creature completely misses you.
You scratch the slime creature. The golden eye blinks at you.
You are confused.
The slime creature hits you!
You take 7 damage, and have 18/25 hp.
MASSIVE DAMAGE!!
Unknown command.
Unknown command.
The golden eye blinks at you.
You are more confused.
The slime creature misses you. The golden eye blinks at you.
You easily resist.
The golden eye blinks at you.
You easily resist.
You bump into the unnaturally hard rock wall.
The golden eye blinks at you.
You are more confused.
The golden eye turns its gaze towards you.
The slime creature hits you.
You take 6 damage, and have 12/25 hp.
MASSIVE DAMAGE!!
The ooze barely misses you. The slime creature hits you!!
Ouch! That really hurt!
You die...

▓▓▓▓▓▓▓▓▓▓▓▓▓▓▓▓▓▓
▓.8©8.▓.8©8.▓.8©8.
▓.JJ|.▓.:|).▓.....
▓@J|..▓..†..▓...[.
▓.G...▓.....▓.....
▓.....▓.....▓.....
▓.....▓.....▓.....
▓.....▓.....▓▓▓▓▓▓
▓▓▓▓▓▓▓▓▓▓▓▓▓


You could see a slime creature, a jelly (sleeping), an ooze and a golden eye.

Vanquished Creatures
  A fire elemental (D)
  A human (shapeshifter) (D)
  3 mummies (D)
5 creatures vanquished.

Notes
Turn   | Place    | Note
-------+----------+-------------------------------------------
     0 | D        | esc the Felid Enchanter began the quest for the Orb.
     0 | D        | Reached XP level 1. HP: 7/7 MP: 4/4
     0 | D        | Found a deep blue altar of Sif Muna.
     0 | D        | Found a sacrificial altar of Ru.
     0 | D        | Found a bloodstained altar of Trog.
     0 | D        | Found a stormy altar of Qazlal.
     0 | D        | Found an iron altar of Okawaru.
     0 | D        | Found a sparkling altar of Nemelex Xobeh.
     0 | D        | Found a blossoming altar of Fedhas.
     2 | D        | Found an ancient bone altar of Kikubaaqudgha.
     2 | D        | Found a viscous altar of Jiyva.
     2 | D        | Found a corrupted altar of Lugonu.
     2 | D        | Found a hazy altar of Hepliaklqana.
     2 | D        | Found a burning altar of Makhleb.
     2 | D        | Found an opulent altar of Gozag.
    19 | D        | Reached skill level 5 in Spellcasting
    19 | D        | Reached skill level 8 in Hexes
    19 | D        | Reached XP level 2. HP: 11/11 MP: 5/9
    23 | D        | Learned a level 2 spell: Ensorcelled Hibernation
    56 | D        | Entered arena 1.
    56 | D        | Noticed a fire elemental
    56 | D        | Noticed a human
    58 | D        | Killed a fire elemental
    58 | D        | Reached skill level 3 in Fighting
    58 | D        | Reached skill level 5 in Dodging
    58 | D        | Reached skill level 6 in Stealth
    58 | D        | Reached skill level 3 in Unarmed Combat
    58 | D        | Reached skill level 6 in Spellcasting
    58 | D        | Reached skill level 10 in Hexes
    58 | D        | Reached XP level 3. HP: 17/17 MP: 9/11
    58 | D        | Reached XP level 4. HP: 21/21 MP: 10/13
    58 | D        | Reached XP level 5. HP: 24/24 MP: 10/14
    60 | D        | Killed a human
    60 | D        | Reached skill level 4 in Fighting
    60 | D        | Reached skill level 6 in Dodging
    60 | D        | Reached skill level 7 in Stealth
    60 | D        | Reached skill level 4 in Unarmed Combat
    60 | D        | Gained mutation: You are covered in thick fur. (AC +2) [Felid growth]
    60 | D        | Reached XP level 6. HP: 28/28 MP: 8/16
    66 | D        | Entered arena 2.
    93 | D        | Mangled by a mummy
    94 | D        | Reached XP level 5. HP: -10/25 MP: 12/15
    95 | D        | Entered arena 2.
   109 | D        | Entered arena 3.
   109 | D        | Noticed a golden eye
   109 | D        | Noticed a slime creature
   120 | D        | Mangled by a slime creature

Vault maps used:
D:        sprint_v

Skill      XL: |  1  2  3  4  5 |
---------------+----------------+-----
Spellcasting   | 5 6 |  6.8
Hexes          | 8 10 | 10.8
Fighting       | 3 4 |  4.5
Dodging        | 5 6 |  6.8
Stealth        | 6 7 |  7.9
Unarmed Combat | 3 4 |  4.7

Action                   |  1- 3 |  4- 6 || total
-------------------------+-------+-------++-------
Melee: Unarmed           |       |    36 ||    36
       Bite              |       |     4 ||     4
 Cast: Ensorcelled Hiber |       |     1 ||     1
Evoke: Wand              |     1 |     1 ||     2
  Use: Potion            |     1 |       ||     1
 Stab: Sleeping          |       |     1 ||     1
Armor: Skin              |       |     1 ||     1
Dodge: Dodged            |       |    26 ||    26

Vault maps used:
D:        sprint_v

Table legend:
 A = Turns spent in this place as a percentage of turns spent in the entire game.
 B = Non-inter-level travel turns spent in this place as a percentage of non-inter-level travel turns spent in the entire game.
 C = Inter-level travel turns spent in this place as a percentage of turns spent in this place.
 D = Turns resting spent in this place as a percentage of non-inter-level travel turns spent in this place.
 E = Turns spent auto-exploring this place as a percentage of non-inter-level travel turns spent in this place.
 F = Non-inter-level travel turns spent in this place divided by the number of levels of this place that you've seen.
                   A       B       C       D       E      F
               +-------+-------+-------+-------+-------+----------------------
         Total | 100.0 | 100.0 |   0.0 |   2.1 |   0.0 |  94.0
       Dungeon | 100.0 | 100.0 |   0.0 |   2.1 |   0.0 |  94.0
               +-------+-------+-------+-------+-------+----------------------

Table legend:
 A = Kills in this place as a percentage of kills in entire the game.
 B = Kills by you in this place as a percentage of kills by you in the entire game.
 C = Kills by friends in this place as a percentage of kills by friends in the entire game.
 D = Other kills in this place as a percentage of other kills in the entire game.
 E = Experience gained in this place as a percentage of experience gained in the entire game.
 F = Experience gained in this place divided by the number of levels of this place that you have seen.
                   A       B       C       D       E      F
               +-------+-------+-------+-------+-------+----------------------
         Total | 100.0 | 100.0 |  -nan |  -nan | 100.0 | 450.0
       Dungeon | 100.0 | 100.0 |  -nan |  -nan | 100.0 | 450.0
               +-------+-------+-------+-------+-------+----------------------
